[Event "Early-Titled-Tuesday-Blitz-October-10-2023"]
[Site "Chess.com"]
[Date "2023.10.10"]
[Round "5"]
[White "Abund"]
[Black "Lion-Al-Messi"]
[Result "1-0"]
[WhiteElo "2786"]
[BlackElo "2621"]
[TimeControl "180+1"]
[EndTime "8:54:11 PDT"]
[Termination "Abund won by resignation"]

1. e4 c5 2. Nf3 e6 3. c3 Nf6 4. e5 Nd5 5. g3 Nc6 6. Bg2 d6 7. exd6 Bxd6 8. O-O O-O 9. d4 cxd4 10.
Nxd4 Nxd4 11. Qxd4 Ne7 12. Nd2 e5 13. Qe4 Rb8 14. Nc4 Bf5 15. Qe3 Bc7 16. Qxa7 b5 17. Ne3 Bb6 18. Qa3 Be6 19. Rd1 Qc7 20. Qd6 Qa7 21.
Qxe5 Ng6 22. Qh5 Rfd8 23. Bd2 Rd7 24. a3 Rbd8 25. Be1 Bxe3 26. fxe3 Qxe3+ 27. Bf2 Qe5 28. Qxe5 Nxe5 29. Rxd7 Rxd7 30. Bd4 Nc4 31. b4 Bd5 32. a4 Bxg2 33. Kxg2 bxa4 34. Rxa4 h5 35. b5 Nb2 36. Rb4 Nd3 37. Rb1 Kf8 38. b6 Rb7 39. Kf3 f6 40. Ke4 Ne5 41. Bxe5 fxe5 42. c4 Ke7 43. c5 Kd7 44. Kd5 Kc8 45. c6 Rf7 46. Ra1 Kb8 47. b7 1-0

[Event "Early-Titled-Tuesday-Blitz-October-10-2023"]
[Site "Chess.com"]
[Date "2023.10.10"]
[Round "5"]
[White "adotand"]
[Black "Shiirav"]
[Result "1-0"]
[WhiteElo "2867"]
[BlackElo "2658"]
[TimeControl "180+1"]
[EndTime "8:54:13 PDT"]
[Termination "adotand won by resignation"]

1. Nf3 Nf6 2. c4 g6 3. g3 Bg7 4. Bg2 O-O 5. O-O d6 6. d3 Nc6 7.
Nc3 Nh5 8. Bd2 f5 9. Rb1 a5 10. a3 f4 11. Nd5 e5 12. b4 axb4 13. axb4 Bg4 14. b5 Nd4 15. Nxd4 exd4 16. Nxf4 Nxf4 17. Bxf4 Qe7 18. Bxb7 Ra2 19. c5 Rxe2 20. Qb3+ Kh8 21. cxd6 cxd6 22. Bg2 g5 23. Bc1 h5 24. b6 h4 25. b7 h3 26. Be4 Rxe4 27. b8=Q Re1 28. Bxg5 Rxf1+ 29. Rxf1 Qxg5 30. Qxd6 Qf5 31. Qdd5 Qf6 32.
Qbb5 Be2 33. Qg5 Qf7 34. Qbd5 Bxf1 35. Qxf7 Rxf7 36. Kxf1 Kg8 37. Qg4 Rc7 38. Qxh3 Rc1+ 39. Kg2 Rc3 40. Qf5 Kh8 41. h4 Rc2 42. h5 Rc3 43.
Qg6 Rc5 44. h6 1-0

[Event "Early-Titled-Tuesday-Blitz-October-10-2023"]
[Site "Chess.com"]
[Date "2023.10.10"]
[Round "5"]
[White "WindWhistler11"]
[Black "Alphafischer2019"]
[Result "1-0"]
[WhiteElo "2474"]
[BlackElo "2581"]
[TimeControl "180+1"]
[EndTime "8:54:13 PDT"]
[Termination "WindWhistler11 won by checkmate"]

1. Nf3 c5 2. g3 g6 3. Bg2 Bg7 4. O-O Nc6 5. d3 e6 6. Nbd2 Nge7 7. e4 d5 8. h4 h6 9. a3 O-O 10. Rb1 a5 11. a4 b6 12. Re1 Nb4 13. e5 Bb7 14.
Nf1 Rc8 15. c3 Nbc6 16. N1h2 Nf5 17. Bd2 Ba6 18. Bf1 Re8 19. Qc1 h5 20. Bg5 f6 21.
exf6 Bxf6 22. g4 Ng7 23. Qf4 Rf8 24. Qg3 Bxg5 25. Nxg5 Qf6 26. Re3 e5 27. Bg2 Rcd8 28. Rbe1 Bc8 29. c4 d4 30. Rf3 Qd6 31. Ne4 Qe7 32.
g5 Nf5 33. Nf6+ Rxf6 34. gxf6 Qxf6 35. Qg5 Qxg5 36. hxg5 Re8 37. Rxf5 Bxf5 38. Bxc6 Re7 39.
Be4 Bd7 40. Nf3 Bxa4 41. Bd5+ Kg7 42. Rxe5 Rc7 43. Re6 Rf7 44. Ne5 Rc7 45. Rxg6+ Kh7 46. Rh6+ Kg7 47. Be4 Bc2 48. Rh7+ Kf8 49. Rxc7 Ke8 50.
g6 Bxd3 51. Bxd3 Kd8 52. Rf7 Ke8 53. g7 Kd8 54. g8=Q# 1-0

[Event "Early-Titled-Tuesday-Blitz-October-10-2023"]
[Site "Chess.com"]
[Date "2023.10.10"]
[Round "5"]
[White "Tonychess32"]
[Black "Fandorine"]
[Result "0-1"]
[WhiteElo "2503"]
[BlackElo "2903"]
[TimeControl "180+1"]
[EndTime "8:54:15 PDT"]
[Termination "Fandorine won on time"]

1. e4 g6 2. Nf3 Bg7 3. d4 d6 4. Nc3 Nf6 5. h3 O-O 6. Bd3 Nbd7 7. O-O e5 8. dxe5 dxe5 9. Qe2 c6 10. Be3 Re8 11.
Rad1 Qc7 12. a4 Nf8 13. Bc4 Ne6 14. Rd2 Nh5 15. Bxe6 Bxe6 16. Rfd1 h6 17. Kh2 Kh7 18. g3 Qc8 19. Ng1 Nf6 20. a5 Qc7 21. b4 b6 22. a6 Qe7 23. Rd6 Rac8 24. Nf3 Qc7 25. b5 cxb5 26. Nxb5 Qxc2 27. Qxc2 Rxc2 28. Nxa7 Nxe4 29.
Rc6 Ra2 30. Nd2 Nxd2 31. Rxd2 Rxa6 32. Bxb6 Ra8 33. Nb5 Rb8 34. Rdd6 Bf8 35. Nc7 Ra2 36. Rd1 Bb3 37. Rdc1 Ba4 38. Rf6 Kg7 39. Nd5 Bb3 40.
Rc7 Bxd5 0-1

[Event "Early-Titled-Tuesday-Blitz-October-10-2023"]
[Site "Chess.com"]
[Date "2023.10.10"]
[Round "5"]
[White "queen_iryna"]
[Black "stratacticos"]
[Result "1/2-1/2"]
[WhiteElo "2338"]
[BlackElo "1792"]
[TimeControl "180+1"]
[EndTime "8:54:15 PDT"]
[Termination "Game drawn by repetition"]

1. e4 c5 2. Nf3 Nc6 3. Bb5 Na5 4. b3 a6 5. Bd3 b5 6. Bb2 Rb8 7. O-O c4 8. Be2 d6 9. d3 Be6 10. Nbd2 Qc7 11. Bd4 c3 12. b4 Nb7 13. Nb3 f6 14. a4 Bf7 15. axb5 axb5 16. Ra7 e5 17. Be3 Ne7 18. Qa1 Nc6 19. Ra8 Be7 20. Rxb8+ Nxb8 21. d4 O-O 22. Bxb5 d5 23. dxe5 dxe4 24.
Nfd4 fxe5 25. Ne2 Bxb4 26. Qa7 Nc6 27. Bxc6 Qxc6 28. Ng3 Bxb3 29. cxb3 Bc5 30. Bxc5 Nxc5 31. b4 Nd3 32. Qa2+ Kh8 33. Qc2 Nxb4 34. Qxe4 Qxe4 35. Nxe4 c2 36. Nd2 Rd8 37. Nb3 Rd1 38. g3 Nd3 39. Kg2 Rxf1 40. Kxf1 c1=Q+ 41. Nxc1 Nxc1 42. Ke1 Nd3+ 43. Ke2 e4 44. Ke3 g6 45. f3 exf3 46. Kxd3 g5 47. g4 h5 48. h3 hxg4 49. hxg4 Kg7 50. Ke3 Kf6 51. Kxf3 Ke5 52. Ke3 Kd5 53. Kd3 Ke5 54.
Ke3 Kd5 55. Kd3 Ke5 56. Ke3 1/2-1/2

[Event "Early-Titled-Tuesday-Blitz-October-10-2023"]
[Site "Chess.com"]
[Date "2023.10.10"]
[Round "5"]
[White "Shivananda1964"]
[Black "kidagent"]
[Result "1-0"]
[WhiteElo "2419"]
[BlackElo "2252"]
[TimeControl "180+1"]
[EndTime "8:54:16 PDT"]
[Termination "Shivananda1964 won by resignation"]

1. Nf3 Nf6 2. e3 d5 3. b4 Bg4 4. c4 e6 5. a3 Nbd7 6. Bb2 Be7 7.
d3 dxc4 8. dxc4 O-O 9. Be2 c5 10. b5 Nb6 11. Nbd2 Bf5 12. Qb3 Qc7 13. a4 Rfd8 14.
a5 Nbd7 15. O-O Bd6 16. h3 b6 17. a6 Ne5 18. Nh4 Bd3 19. Bxd3 Nxd3 20. Bxf6 gxf6 21. f4 Nb4 22. Ne4 Be7 23. Rad1 f5 24. Ng5 h6 25. Ngf3 Rxd1 26. Rxd1 Rd8 27. g4 fxg4 28. hxg4 Rxd1+ 29. Qxd1 Qd8 30. Qxd8+ Bxd8 31. Ng2 Bf6 32. Kf2 Nc2 33.
Ke2 Na3 34. Kd3 Kf8 35. f5 Ke7 36. Nf4 exf5 37. gxf5 Kd6 38. Nd5 Bb2 39. e4 f6 40.
Nxb6 axb6 41. a7 Kc7 42. a8=Q 1-0

[Event "Early-Titled-Tuesday-Blitz-October-10-2023"]
[Site "Chess.com"]
[Date "2023.10.10"]
[Round "5"]
[White "THE_PLAYER6"]
[Black "cande_francisco"]
[Result "1-0"]
[WhiteElo "2473"]
[BlackElo "2525"]
[TimeControl "180+1"]
[EndTime "8:54:17 PDT"]
[Termination "THE_PLAYER6 won by resignation"]

1. d4 Nf6 2. c4 c5 3. d5 e6 4.
Nc3 exd5 5. cxd5 d6 6. Nf3 g6 7. h3 Bg7 8. Bf4 a6 9. a4 O-O 10. e3 Qe7 11. Nd2 Nbd7 12. Be2 Ne8 13. O-O f5 14. Nc4 Rb8 15. a5 Ne5 16. Bh2 Nxc4 17. Bxc4 b5 18. axb6 Rxb6 19. Qe2 Be5 20. Bxa6 Bxh2+ 21.
Kxh2 Bxa6 22. Rxa6 Rxa6 23. Qxa6 Qe5+ 24. Kg1 f4 25.
exf4 Qxf4 26. Nb5 Qe5 27. Qc6 Rf6 28. b3 Ng7 29. Nc7 Qe7 30. Ra1 Rf8 31. Nb5 Nf5 32.
Qc7 Qe5 33. Ra7 Qe1+ 34. Kh2 Qe5+ 35. Kh1 Qe1+ 36. Kh2 Qe5+ 37. g3 Ne7 38. Ra2 Nxd5 39. Qxd6 Qe4 40. Nc7 Nf6 41. Qe6+ Qxe6 42. Nxe6 Rc8 43.
Rc2 Ne4 44. f3 Nd6 45. Rxc5 Re8 46. Nd4 Re1 47. Rd5 Nf7 48. Nc6 Re2+ 49. Kg1 Re3 50. Rb5 Rxf3 51. Kg2 Rc3 52. Ne7+ Kg7 53. Rb7 Rc2+ 54.
Kf3 Rc3+ 55. Kf4 g5+ 56. Kg4 h5+ 57. Kxh5 Rxg3 58. Nf5+ Kf6 59. Nxg3 1-0

[Event "Early-Titled-Tuesday-Blitz-October-10-2023"]
[Site "Chess.com"]
[Date "2023.10.10"]
[Round "5"]
[White "DenLaz"]
[Black "SAInt_666"]
[Result "1-0"]
[WhiteElo "3068"]
[BlackElo "2678"]
[TimeControl "180+1"]
[EndTime "8:54:18 PDT"]
[Termination "DenLaz won on time"]

1. d4 Nf6 2. c4 e6 3. Nc3 Bb4 4. e3 O-O 5. Bd3 d5 6. cxd5 exd5 7. a3 Bd6 8. Nge2 c6 9. Qc2 Re8 10. Bd2 a5 11. O-O Na6 12. f3 c5 13. Rad1 c4 14.
Bf5 Bxf5 15. Qxf5 Qc8 16. Qc2 Qc6 17. g4 b5 18. g5 Nd7 19. e4 Nc7 20. e5 Bf8 21. f4 b4 22. Nb1 Nb6 23. f5 Qa4 24.
Qc1 c3 25. Nbxc3 bxc3 26. Bxc3 Qc4 27. Qe3 Qc6 28. Rf4 g6 29. Qh3 Qd7 30. Rdf1 Bg7 31. Rh4 gxf5 32. Rxf5 Re6 33. Nf4 Rg6 34. Rxh7 Re8 35.
Nh5 Rxg5+ 36. Rxg5 Qxh3 37. Nf6+ Kf8 38. Rxh3 Bxf6 39. exf6 1-0

[Event "Early-Titled-Tuesday-Blitz-October-10-2023"]
[Site "Chess.com"]
[Date "2023.10.10"]
[Round "5"]
[White "RobertoJBM"]
[Black "Alex_Sahakyan2006"]
[Result "0-1"]
[WhiteElo "2816"]
[BlackElo "2720"]
[TimeControl "180+1"]
[EndTime "8:54:18 PDT"]
[Termination "Alex_Sahakyan2006 won by checkmate"]

1. d4 Nf6 2. c4 c5 3. d5 b5 4.
cxb5 a6 5. b6 d6 6. Nc3 Nbd7 7.
e4 Rb8 8. Nf3 g6 9. Be2 Nxb6 10.
a4 Bg7 11. a5 Na8 12. O-O O-O 13. Nd2 Nc7 14. Nc4 Nd7 15. Bg5 Qe8 16. Qd2 Nb5 17.
Bh6 Nd4 18. Bxg7 Kxg7 19. Bd1 Rb4 20. Ra4 Rxa4 21. Nxa4 Nf6 22. Re1 Bd7 23. Nab6 Bb5 24. e5 Nxd5 25. exd6 Bxc4 26. Nxc4 e6 27. h4 h6 28. h5 g5 29. Re4 Nf6 30. Re3 Qb5 31.
b3 Rd8 32. f4 gxf4 33. Rd3 f3 34.
gxf3 Nd5 35. f4 Qb4 36. Rg3+ Kf6 37. Qf2 Nf5 38. Rd3 Rg8+ 39. Kh2 Qb8 40. Bf3 Nxd6 41. Bxd5 exd5 42. Rxd5 Nxc4 43. bxc4 Kg7 44. Rxc5 Kh7 45. Qc2+ Kh8 46. Qf5 Qb2+ 47. Kh3 Qg2+ 48. Kh4 Qg3# 0-1

[Event "Early-Titled-Tuesday-Blitz-October-10-2023"]
[Site "Chess.com"]
[Date "2023.10.10"]
[Round "5"]
[White "amanmuhammethommadov"]
[Black "Virgo15"]
[Result "1-0"]
[WhiteElo "2606"]
[BlackElo "2734"]
[TimeControl "180+1"]
[EndTime "8:54:19 PDT"]
[Termination "amanmuhammethommadov won by checkmate"]

1. e4 e6 2. d4 d5 3. e5 c5 4. c3 Nc6 5. Nf3 Bd7 6. a3 Nge7 7.
b4 cxd4 8. cxd4 Nf5 9. Be3 b5 10.
Bd3 a5 11. bxa5 Nxa5 12. O-O Nc4 13. Bg5 Be7 14. Bxe7 Qxe7 15. Bxf5 exf5 16. Nc3 Bc6 17. Qb3 Qb7 18. Qb4 Qe7 19. Nxb5 Qxb4 20. axb4 Kd7 21. Nc3 Rhb8 22. b5 Bb7 23. Ng5 Ke7 24. Nh3 Nb6 25.
Nf4 Rc8 26. Rxa8 Bxa8 27. Rc1 Kd7 28. Nd3 Rc4 29. Ne2 Kc7 30. h4 Bb7 31. Nb2 Rxc1+ 32.
Nxc1 Nc4 33. Nxc4 dxc4 34. Ne2 Kb6 35. Nc3 Ka5 36. d5 Kb4 37. d6 Bc8 38. b6 Kxc3 39. b7 Bxb7 40. d7 Be4 41. d8=Q Kb2 42. f3 Bd3 43. Kf2 Kc2 44. Ke3 g6 45. g3 Kd1 46.
Qa5 Kc2 47. Qd2+ Kb3 48. Kd4 Ka4 49. Kc3 Kb5 50. Qh6 Kc5 51. Qxh7 f4 52. gxf4 g5 53. Qxf7 gxh4 54. Qe7+ Kc6 55. Qxh4 Kd5 56. Qf6 Kc5 57.
Qd6+ Kb5 58. e6 Bg6 59. e7 Be8 60. f5 Ka5 61. f6 Bf7 62. Qd8+ Ka4 63. e8=Q+ Bxe8 64.
Qxe8+ Ka5 65. f7 Kb6 66. f8=Q Ka6 67. Qb4 Ka7 68. Qea4# 1-0

[Event "Early-Titled-Tuesday-Blitz-October-10-2023"]
[Site "Chess.com"]
[Date "2023.10.10"]
[Round "5"]
[White "ArtemDyachuk"]
[Black "ChessFighter_2011"]
[Result "0-1"]
[WhiteElo "2663"]
[BlackElo "2869"]
[TimeControl "180+1"]
[EndTime "8:54:21 PDT"]
[Termination "ChessFighter_2011 won on time"]

1. e4 c5 2. Nf3 d6 3. d4 cxd4 4.
Nxd4 Nf6 5. Nc3 a6 6. Bc4 e6 7. O-O Nbd7 8. a4 Nc5 9. Re1 Qc7 10. Qf3 Be7 11. Qg3 g6 12. Bh6 Bd7 13. Ba2 Bc6 14.
Nxc6 Qxc6 15. Rad1 O-O-O 16. Qf3 Rhg8 17. Bg5 Ncd7 18.
Nd5 exd5 19. exd5 Qxa4 20. Bb3 Qg4 21. Qxg4 Nxg4 22. Rxe7 h6 23. Bf4 Nge5 24. Bg3 Rde8 25. Rxe8+ Rxe8 26. h3 Nf6 27. Bf4 g5 28. Be3 Nh5 29.
Rd4 f5 30. Ba4 b5 31. Bb3 Kd7 32. h4 f4 33. Bd2 Ng4 34. hxg5 hxg5 35. c4 Nhf6 36.
Bc2 Kc7 37. Ba5+ Kb7 38. Bf5 Ne5 39. cxb5 axb5 40. b4 Nc4 41. Kf1 Rh8 42. Kg1 Ra8 0-1

[Event "Early-Titled-Tuesday-Blitz-October-10-2023"]
[Site "Chess.com"]
[Date "2023.10.10"]
[Round "5"]
[White "Dannyyi"]
[Black "almaguerjm"]
[Result "0-1"]
[WhiteElo "2194"]
[BlackElo "2522"]
[TimeControl "180+1"]
[EndTime "8:54:21 PDT"]
[Termination "almaguerjm won on time"]

1. e4 e5 2. Nf3 Nc6 3. Bc4 Nf6 4.
d3 Bc5 5. O-O h6 6. c3 a5 7. a4 d6 8. Nbd2 Bb6 9. Bb5 O-O 10.
Nc4 Ne7 11. Nxb6 cxb6 12. Re1 Bd7 13. Bc4 Bc6 14. Bb3 Qc7 15. Be3 Rad8 16. h3 d5 17. exd5 Nexd5 18. Bd2 Rfe8 19. Qc2 Bd7 20. Re2 Bf5 21. Nh4 Bh7 22. Rae1 Nf4 23. Bxf4 exf4 24. Rxe8+ Nxe8 25. Qe2 Bxd3 26. Qg4 Nf6 27. Qf3 g5 28. Rd1 Be4 29. Qe2 gxh4 30. Re1 f3 31. gxf3 Bc6 32. Qe3 Kg7 33. Kh1 Nh7 34. Rg1+ Ng5 35. Rg4 Qd6 36.
Kg2 Qf6 37. Rf4 Qg6 38. Qe5+ Kh7 39. Rg4 Bxf3+ 40. Kh2 Bxg4 41. hxg4 Nf3+ 0-1

[Event "Early-Titled-Tuesday-Blitz-October-10-2023"]
[Site "Chess.com"]
[Date "2023.10.10"]
[Round "5"]
[White "kirillshevchenko"]
[Black "Ali_rastbod"]
[Result "1-0"]
[WhiteElo "2977"]
[BlackElo "2745"]
[TimeControl "180+1"]
[EndTime "8:54:22 PDT"]
[Termination "kirillshevchenko won by checkmate"]

1. c4 e5 2. Nc3 Bb4 3. Nd5 Bc5 4. e3 c6 5. d4 exd4 6. exd4 Be7 7. Nc3 d5 8. cxd5 cxd5 9. Nf3 Nf6 10. Bd3 O-O 11.
h3 Nc6 12. O-O h6 13. Bf4 Bd6 14. Qd2 Bxf4 15. Qxf4 Be6 16. Rac1 Rc8 17. a3 Na5 18. Nb5 a6 19. Rxc8 Bxc8 20. Nd6 Be6 21. b4 Nc4 22. Nxb7 Qb6 23. Nc5 a5 24. bxa5 Qxa5 25. a4 Nd7 26. Nxe6 fxe6 27. Qg4 Re8 28. Qg6 Nf6 29. Ne5 Nd6 30. Bc2 Rc8 31. Ng4 Nxg4 32. Qxe6+ Kh8 33. Qxd6 Rxc2 34. Qf8+ Kh7 35. Qf5+ Kh8 36. Qxc2 Nf6 37. Qc8+ Kh7 38. Qf5+ Kh8 39. Rb1 Qa7 40. Rc1 Kg8 41.
Qe6+ Kh7 42. Rc8 Qxd4 43. Qf5+ g6 44. Rc7+ Kh8 45. Qc8+ Ng8 46. Qd7 Qa1+ 47. Kh2 Qe5+ 48. g3 Nf6 49. Qg7# 1-0

[Event "Early-Titled-Tuesday-Blitz-October-10-2023"]
[Site "Chess.com"]
[Date "2023.10.10"]
[Round "5"]
[White "Harry_Rakkel"]
[Black "Mr_ruthless"]
[Result "0-1"]
[WhiteElo "2621"]
[BlackElo "2469"]
[TimeControl "180+1"]
[EndTime "8:54:22 PDT"]
[Termination "Mr_ruthless won on time"]

1. e4 c6 2. d4 d5 3. exd5 cxd5 4.
Bd3 e6 5. Nf3 Nc6 6. O-O Bd6 7.
c3 Nge7 8. Re1 Qc7 9. Nbd2 Ng6 10. Nf1 O-O 11. g3 Bd7 12. h4 e5 13. h5 e4 14.
hxg6 fxg6 15. Ng5 exd3 16. Qxd3 Rae8 17. Bd2 a6 18. Rxe8 Rxe8 19. Re1 Rxe1 20. Bxe1 Bf5 21.
Qe3 Qe7 22. Nf3 Na5 23. Qxe7 Bxe7 24. N1d2 g5 25. Ne5 Bf6 26. f3 Nc6 27. Nxc6 bxc6 28. b4 g4 29. f4 h5 30. Nb3 Bd3 31. Nc5 Bc4 32. a4 g5 33. Bd2 gxf4 34. Bxf4 h4 35. Nd7 Bd8 36. Ne5 Bb3 37. Nxc6 Bf6 38. a5 h3 39. Ne5 Bxe5 40. Bxe5 Bc4 0-1

[Event "Early-Titled-Tuesday-Blitz-October-10-2023"]
[Site "Chess.com"]
[Date "2023.10.10"]
[Round "5"]
[White "subham777"]
[Black "wonderfultime"]
[Result "0-1"]
[WhiteElo "2505"]
[BlackElo "2982"]
[TimeControl "180+1"]
[EndTime "8:54:22 PDT"]
[Termination "wonderfultime won on time"]

1. e4 c5 2. Nf3 Nf6 3. Nc3 d5 4. exd5 Nxd5 5. Be2 Nc6 6. O-O g6 7. Re1 Bg7 8. Nxd5 Qxd5 9. Bb5 O-O 10. Bxc6 Qxc6 11.
Rxe7 Be6 12. Ng5 Bd5 13. Nf3 Bf6 14. Re1 Rfe8 15. Rxe8+ Rxe8 16. d3 b5 17. c3 b4 18.
Bd2 a5 19. a3 Be6 20. axb4 axb4 21. Rc1 Qd6 22. Be3 bxc3 23. bxc3 Bd5 24. d4 c4 25.
Qd2 Bxf3 26. gxf3 Qd5 27. Kg2 g5 28. h3 h5 29. Rg1 g4 30. hxg4 hxg4 31. Kf1 Qxf3 32.
Qe2 Qh3+ 33. Ke1 Re4 34. Qxc4 Rxe3+ 35. fxe3 Qxe3+ 36. Kf1 Qf3+ 37. Ke1 Bh4+ 38. Kd2 Qf2+ 39. Kd3 Qxg1 40. Qc8+ Kg7 41. Kc4 Qf1+ 42. Kc5 Qf3 43. c4 Bf2 44. Qd7 g3 45. Qh3 Qf4 46. Kb5 Bxd4 47. c5 Qg5 48. Kc4 g2 49. c6 g1=Q 0-1

[Event "Early-Titled-Tuesday-Blitz-October-10-2023"]
[Site "Chess.com"]
[Date "2023.10.10"]
[Round "5"]
[White "Byniolus"]
[Black "Semen_Khanin"]
[Result "0-1"]
[WhiteElo "2729"]
[BlackElo "2867"]
[TimeControl "180+1"]
[EndTime "8:54:23 PDT"]
[Termination "Semen_Khanin won on time"]

1. d4 Nf6 2. Nf3 d5 3. Bf4 c5 4.
c3 Nc6 5. Nbd2 cxd4 6. cxd4 Bf5 7. e3 e6 8. Qb3 Qb6 9. Qxb6 axb6 10. Bb5 Be7 11. Ke2 O-O 12. Rhc1 Rfc8 13. a3 h5 14. h3 Ne4 15. Ne5 Nxe5 16. Bxe5 Nd6 17. Bd3 Bxd3+ 18. Kxd3 b5 19. Bxd6 Bxd6 20. e4 Bf4 21. exd5 exd5 22. Rc5 Rxc5 23. dxc5 Be5 24. Rb1 Ra4 25. Kc2 f6 26. Kb3 Kf7 27. Rc1 Bf4 28. Rc2 Bxd2 29. Rxd2 Ke6 30. Rc2 Rc4 31. Rxc4 bxc4+ 32. Kb4 Kd7 33.
Kb5 Kc7 34. a4 h4 35. g4 g6 36. f3 f5 37. gxf5 gxf5 38. f4 Kd7 39. Kb6 Kc8 40.
Kb5 Kc7 41. a5 Kb8 42. Kb4 Kc8 43. Kc3 Kc7 44. b3 cxb3 45. Kxb3 Kc6 46. Kb4 d4 47. Kc4 d3 48. Kxd3 Kxc5 49. Kc3 Kb5 50. Kd4 Kxa5 51.
Ke5 b5 52. Kxf5 b4 0-1

[Event "Early-Titled-Tuesday-Blitz-October-10-2023"]
[Site "Chess.com"]
[Date "2023.10.10"]
[Round "5"]
[White "Korchmar_Vasiliy"]
[Black "K_A_S_T_O_R"]
[Result "0-1"]
[WhiteElo "2730"]
[BlackElo "2889"]
[TimeControl "180+1"]
[EndTime "8:54:24 PDT"]
[Termination "K_A_S_T_O_R won on time"]

1. e4 c5 2. d4 cxd4 3. Qxd4 Nc6 4. Qd3 g6 5. Nc3 Bg7 6. Nf3 d6 7. Be2 Bg4 8. O-O Nf6 9. Nd5 Nd7 10. c3 O-O 11. Bg5 Bxf3 12. Qxf3 h6 13. Bh4 g5 14.
Bg3 e6 15. Ne3 Nce5 16. Qh5 Nf6 17. Qh3 Nxe4 18. Bxe5 dxe5 19. Ng4 f5 20. Nxh6+ Bxh6 21. Qxh6 Qf6 22. Qh3 Rad8 23. Rad1 Kg7 24. Qe3 b6 25. a4 Nc5 26. a5 f4 27. Qc1 Nb3 28. Qc2 Nxa5 29.
Bb5 Nb7 30. b4 Nd6 31. Bc6 Nf5 32. Bf3 Rf7 33. Rxd8 Qxd8 34. Qe4 Kf6 35. Re1 Qc7 36. c4 Rd7 37. h3 Rd4 38. Qa8 Rd8 39. Qe4 a5 40. bxa5 bxa5 41. Bg4 Nd4 42. Bh5 Rg8 43. Rb1 Rg7 44. Rb5 Nxb5 45. cxb5 Qd6 46. Qa8 Rh7 47.
b6 Qe7 48. Bf3 g4 49. hxg4 Qd6 0-1

[Event "Early-Titled-Tuesday-Blitz-October-10-2023"]
[Site "Chess.com"]
[Date "2023.10.10"]
[Round "5"]
[White "Rozhkov_V"]
[Black "Let_it_be_1"]
[Result "1/2-1/2"]
[WhiteElo "2441"]
[BlackElo "2549"]
[TimeControl "180+1"]
[EndTime "8:54:24 PDT"]
[Termination "Game drawn by repetition"]

1. e4 e6 2. d4 d5 3. e5 c5 4. c3 Qb6 5. Nf3 Nc6 6. a3 Bd7 7. b4 cxd4 8. cxd4 Rc8 9. Bb2 Na5 10. Nbd2 Nc4 11. Nxc4 dxc4 12. Rc1 a5 13. Bxc4 Bxb4+ 14.
axb4 Qxb4+ 15. Bc3 Qxc4 16. Nd2 Qd3 17. Bxa5 Ne7 18.
Rxc8+ Nxc8 19. Nf3 Qa3 20. Bd2 Qa6 21. h4 O-O 22. h5 h6 23. g4 Bc6 24. g5 Qd3 25. Rh3 Bb5 26. Rh1 Qe4+ 27. Be3 hxg5 28. h6 Ne7 29.
hxg7 Kxg7 30. Kd2 Bc6 31. Rh3 g4 32. Ng5 Qd5 33. Rh7+ Kg8 34. Qxg4 Qa2+ 35. Ke1 Qb1+ 36. Kd2 Ng6 37. Qh5 Qb2+ 38. Ke1 Qb1+ 39. Kd2 Qb2+ 40. Ke1 Qb1+ 41. Kd2 1/2-1/2

[Event "Early-Titled-Tuesday-Blitz-October-10-2023"]
[Site "Chess.com"]
[Date "2023.10.10"]
[Round "5"]
[White "slorovel"]
[Black "LeoWin2012"]
[Result "1-0"]
[WhiteElo "2510"]
[BlackElo "2319"]
[TimeControl "180+1"]
[EndTime "8:54:24 PDT"]
[Termination "slorovel won by checkmate"]

1. e4 e5 2. Nf3 Nc6 3. Bb5 a6 4. Ba4 b5 5. Bb3 Nf6 6. O-O d6 7. Re1 Be7 8. c3 h6 9. d4 O-O 10. Be3 Nxe4 11. Bd5 exd4 12. cxd4 Nxf2 13. Bxf2 Bb7 14.
Qe2 Bf6 15. Nc3 b4 16. Ne4 Bxd4 17. Nxd4 Nxd4 18. Bxd4 Bxd5 19. Qg4 f6 20. Rf1 Bxe4 21. Qxe4 c5 22. Qd5+ Kh8 23. Bf2 Qc7 24. Bg3 Rad8 25. Rad1 Qf7 26. Qxf7 Rxf7 27. Rxd6 Re8 28. Rfd1 Re2 29.
R6d2 Rfe7 30. Kf1 Rxd2 31. Rxd2 c4 32. Rd4 c3 33. Rxb4 cxb2 34. Rxb2 Re4 35. Kf2 Ra4 36.
h4 g5 37. hxg5 hxg5 38. Bd6 Kg7 39. a3 Kg6 40. g3 f5 41. Rb6 Kh5 42. Kf3 f4 43.
g4+ Kh4 44. Bb4 Rxa3+ 45. Bxa3 Kh3 46. Rh6# 1-0

[Event "Early-Titled-Tuesday-Blitz-October-10-2023"]
[Site "Chess.com"]
[Date "2023.10.10"]
[Round "5"]
[White "Savagelittlemole"]
[Black "crazy_m_attack"]
[Result "0-1"]
[WhiteElo "2542"]
[BlackElo "2429"]
[TimeControl "180+1"]
[EndTime "8:54:26 PDT"]
[Termination "crazy_m_attack won by resignation"]

1. e4 e5 2. Nf3 Nc6 3. Bc4 Nf6 4. d3 Be7 5. O-O O-O 6. c3 d5 7. exd5 Nxd5 8. Re1 Bg4 9. h3 Bh5 10. Nbd2 Nb6 11.
Bb5 f6 12. Bxc6 bxc6 13. Nf1 Bd6 14. Ng3 Bg6 15. Nh4 Bf7 16. Nhf5 Bg6 17. Qf3 Nd5 18. c4 Ne7 19. Nxe7+ Bxe7 20. Qxc6 Qxd3 21. Be3 Qd6 22. Qxd6 cxd6 23. Rad1 f5 24. Bd2 Rab8 25. b3 Rfd8 26. Bc1 Bf8 27. Ne2 f4 28. Nc3 Bf7 29. Ne4 d5 30.
cxd5 Bxd5 31. Nc3 Bb7 32. Rxd8 Rxd8 33. Rxe5 Bb4 34. Bb2 Rd2 35. Na4 Rd1+ 36. Kh2 Bd6 37. Rg5 f3+ 38. g3 g6 39. Nc5 Bc6 40. b4 Rd2 41. Be5 Rxf2+ 42. Kg1 Rg2+ 43. Kf1 Bb5+ 44. Ke1 f2+ 45. Kd2 f1=Q+ 0-1

[Event "Early-Titled-Tuesday-Blitz-October-10-2023"]
[Site "Chess.com"]
[Date "2023.10.10"]
[Round "5"]
[White "DonCiao"]
[Black "LileKoridze"]
[Result "0-1"]
[WhiteElo "2060"]
[BlackElo "2343"]
[TimeControl "180+1"]
[EndTime "8:54:26 PDT"]
[Termination "LileKoridze won on time"]

1. c4 e5 2. g3 Nf6 3. Bg2 Nc6 4. Nc3 Bb4 5. Nd5 Bc5 6. Nf3 d6 7. d3 h6 8. O-O O-O 9. a3 a5 10. b3 Be6 11. Nd2 Bxd5 12. cxd5 Ne7 13. e4 c6 14.
dxc6 bxc6 15. Bb2 Qc7 16. Nc4 Ng6 17. Qd2 d5 18. Ne3 Rfd8 19. Rac1 Qa7 20. exd5 cxd5 21. Nf5 Rac8 22. Rc2 Bf8 23. Rfc1 Rxc2 24. Qxc2 Qd7 25. Bh3 Qb5 26. Qc7 Rd7 27. Nxh6+ gxh6 28. Bxd7 Nxd7 29.
Qc3 Nc5 30. d4 exd4 31. Qxd4 Qxb3 32. Ba1 Ne6 33. Qf6 Qxa3 34. Rb1 Qd3 35. Rc1 Qe4 36. h4 Qg4 37. Rc8 Qd1+ 38. Kh2 Qg4 39. Rxf8+ Kxf8 0-1

[Event "Early-Titled-Tuesday-Blitz-October-10-2023"]
[Site "Chess.com"]
[Date "2023.10.10"]
[Round "5"]
[White "MKlose11"]
[Black "seopie"]
[Result "0-1"]
[WhiteElo "2618"]
[BlackElo "2776"]
[TimeControl "180+1"]
[EndTime "8:54:28 PDT"]
[Termination "seopie won by checkmate"]

1. e4 c6 2. Nc3 d5 3. g3 dxe4 4.
Nxe4 Nd7 5. Bg2 Ngf6 6. Nxf6+ Nxf6 7. d4 Bf5 8. Nf3 e6 9. O-O Be7 10. c3 O-O 11. Re1 h6 12. Ne5 Nd7 13. Nc4 Nb6 14.
Na5 Qd7 15. a4 Bh7 16. Qg4 Kh8 17. Qe2 Nd5 18. Nc4 Rad8 19. a5 Qc8 20. a6 b5 21.
Ne5 Bd6 22. Nf3 Rfe8 23. Bd2 Qc7 24. b3 Kg8 25. c4 bxc4 26. bxc4 Nf6 27. c5 Bf8 28.
Bf4 Qc8 29. Bd2 Be4 30. Be3 Qc7 31. Ra2 Qe7 32. Rb2 Rb8 33. Bf4 Rxb2 34. Qxb2 Bd5 35. Qb7 Rd8 36. Qxe7 Bxe7 37. Rb1 g5 38. Bc7 Rc8 39.
Rb7 Ra8 40. Bb8 Bf8 41. Bxa7 Bc4 42. Ne5 Bxa6 43. Rc7 Nd5 44. Bxd5 cxd5 45. Bb6 Be2 46. Rxf7 g4 47. Kg2 Ra1 48. Rf6 Bf1+ 49. Kg1 Bh3# 0-1

[Event "Early-Titled-Tuesday-Blitz-October-10-2023"]
[Site "Chess.com"]
[Date "2023.10.10"]
[Round "5"]
[White "parintele_chess"]
[Black "DeArron_Fox"]
[Result "0-1"]
[WhiteElo "2255"]
[BlackElo "2524"]
[TimeControl "180+1"]
[EndTime "8:54:29 PDT"]
[Termination "DeArron_Fox won by checkmate"]

1. d4 d5 2. Bf4 Nf6 3. Nf3 c5 4. e3 Nc6 5. Nbd2 cxd4 6. exd4 Bg4 7. c3 e6 8. Qb3 Qc8 9. Ne5 Be7 10. Nxg4 Nxg4 11.
h3 Nf6 12. Bd3 O-O 13. O-O a6 14. a4 Qd7 15. Qc2 Bd6 16. Bg5 h6 17. Bxf6 gxf6 18.
Nf3 Kh8 19. Qd2 Kg7 20. b4 Ne7 21. Bc2 f5 22. Rae1 Ng6 23. Ne5 Bxe5 24. dxe5 Qc7 25. f4 Rac8 26. Re3 Kh7 27. Rg3 Rfd8 28. Qe2 d4 29. h4 dxc3 30. Rff3 Rd2 31. Qe1 Rxc2 32. h5 Ne7 33. Rh3 Nd5 34. Qh4 Rd2 35. Rxc3 Nxc3 36. Qf6 Ne2+ 37. Kh2 Nxf4 38. Rg3 Nxh5 39. Rg7+ Nxg7 40.
Qh4 Qxe5+ 41. Qg3 Qxg3+ 42. Kxg3 Rc3+ 43. Kf4 Rd4+ 44. Ke5 Rcd3 45. Kf6 Rd7 46. Ke5 Ne8 47. Kf4 R7d4+ 48. Ke5 Re4# 0-1